 Dungeon Crawl Stone Soup version 0.24.1-14-gf8d2b509d9 (webtiles) character file.

Game seed: 18215745677817464811, levelgen mode: deterministic

3187 Gruesph the Carver (level 9, -3/68 HPs)
             Began as a Barachi Monk on May 19, 2020.
             Was an Elder of Hepliaklqana.
             Slain by a slime creature (5 damage)
             ... on level 6 of the Dungeon.
             The game lasted 00:32:40 (9122 turns).

Gruesph the Carver (Barachi Monk)                   Turns: 9122, Time: 00:32:40

Health: -3/68      AC:  7    Str: 15    XL:     9   Next: 95%
Magic:  5/12       EV: 12    Int: 11    God:    Hepliaklqana [****..]
Gold:   350        SH:  0    Dex: 15    Spells: 6/8 levels left

rFire    + . .     SeeInvis .   a - +0 long sword
rCold    . . .     Gourm    .   (no shield)
rNeg     . . .     Faith    +   z - +0 ring mail
rPois    .         Spirit   .   m - +1 helmet
rElec    .         Reflect  .   (no cloak)
rCorr    .         Harm     .   (no gloves)
MR       +....                  (no boots)
Stlth    +.........             u - amulet of faith
HPRegen  0.21/turn              h - ring of protection from magic
MPRegen  0.13/turn              n - ring of protection from fire

@: slow
A: +LOS, swims, reduced essence, slowness 1, strong legs 1
a: Hop, Recall Ancestor, Ancestor Identity, Transference, Idealise, Renounce
Religion


You were on level 6 of the Dungeon.
You worshipped Hepliaklqana.
Hepliaklqana was greatly pleased with you.
You were not hungry.

You visited 2 branches of the dungeon, and saw 8 of its levels.

You collected 350 gold pieces.

Inventory:

Hand Weapons
 a - a +0 long sword (weapon)
 b - a +0 hunting sling
Missiles
 e - 304 stones (quivered)
 s - 108 arrows
Armour
 m - a +1 helmet (worn)
 z - a +0 ring mail (worn)
Jewellery
 h - a ring of protection from magic (left hand)
 n - a ring of protection from fire (right hand)
 u - an amulet of faith (around neck)
Wands
 o - a wand of flame (9)
 y - a wand of acid (10)
Scrolls
 i - 5 scrolls of identify
 l - 2 scrolls of teleportation
 r - a scroll of remove curse
 t - a scroll of enchant armour
 v - a scroll of magic mapping
 x - a scroll of amnesia
 B - a scroll of fog {unknown}
Potions
 c - 4 potions of curing
 d - 2 potions of flight
 g - a potion of lignification
 j - 2 potions of magic
 k - a potion of mutation
 p - a potion of might
 q - 3 potions of brilliance
 w - a potion of invisibility
 A - a potion of cancellation
Comestibles
 f - 7 rations


   Skills:
 + Level 9.1 Fighting
 * Level 12.0 Long Blades
 - Level 3.2 Dodging
 - Level 2.0 Stealth
 + Level 4.1 Transmutations
 - Level 5.0 Evocations


You had 6 spell levels left.
You knew the following spells:

 Your Spells              Type           Power        Failure   Level  Hunger
a - Sticks to Snakes      Tmut           #.......     19%         2    ###....

Your spell library contained the following spells:

 Spells                   Type           Power        Failure   Level  Hunger
 Beastly Appendage        Tmut           #.....       13%         1    ##.....
 Spider Form              Tmut/Pois      #.........   65%         3    ####...
 Ice Form                 Ice/Tmut       #.......     96%         4    #####..
 Blade Hands              Tmut           #.........   98%         5    ######.


Dungeon Overview and Level Annotations

Branches:
Dungeon (7/15)             Temple (1/1) D:6

Altars:
Ashenzari
Cheibriados
Dithmenos
Elyvilon
Fedhas
Gozag
Hepliaklqana
Kikubaaqudgha
Makhleb
Nemelex Xobeh
Okawaru
Qazlal
Sif Muna
Trog
Uskayaw
Wu Jian
Xom
Yredelemnul
Zin
The Shining One

Annotations:
D:3 Sigmund


Innate Abilities, Weirdness & Mutations

Shadows flee at your approach. (+LOS)
You can swim through water.
You cover ground slowly.
You can hop short distances.
Your life essence is reduced to manifest your ancestor. (-10% HP)


Message History

The wyvern bites you but does no damage.
You climb upwards.
There is a stone staircase leading down here.
You are too injured to fight recklessly!
You are too injured to fight recklessly!
You are too injured to fight recklessly!
You hit the slime creature.
The slime creature is lightly wounded.
The slime creature barely misses you.
You riposte.
You hit the slime creature.
The slime creature is moderately wounded.
You barely miss the slime creature.
The slime creature is moderately wounded.
The slime creature hits you!
* * * LOW HITPOINT WARNING * * *
You hit the slime creature but do no damage.
The slime creature is moderately wounded.
The slime creature hits you!
* * * LOW HITPOINT WARNING * * *
The slime creature hits you.
You die...

#>..#
######.##..#.#######..>.
#...# ##.#.....)......)..
#...# #....#############
###.# #.#.## ....# #.#.#
##### #.#.# # #.#.# #
###########.#.##############
#
#........##@.#..............
#
#.######.##J#.#############.
# #.# #.##.### #. # #.#
#.##># #. # #.# #.##.# ## #
#.# #.##.# # #.#
#.##.########## ######.#
#.##..........#######
.......#
#....[...............


You could see a slime creature.

Vanquished Creatures
  An ugly thing (D:7)
  A hungry ghost (D:7)
  Edmund (D:4)
  An ice beast (D:7)
  A phantom (D:4)
  An ogre (D:7)
  2 centaurs
  A big kobold (D:6)
  2 bullfrogs
  8 wights
  2 crimson imps
  An orc priest (D:7)
  A jelly (D:6)
  A bullfrog skeleton (D:7)
  3 hounds
  2 iguanas
  5 orc wizards
  2 worker ants (D:7)
  A hound zombie (D:7)
  A howler monkey zombie (D:6)
  5 gnolls
  12 adders
  A shadow imp (D:6)
  An ooze (D:1)
  An adder skeleton (D:7)
  An adder zombie (D:6)
  2 worms (D:4)
  2 dart slugs (D:1)
  3 leopard geckos
  14 orcs
  4 giant cockroaches
  4 hobgoblins
  14 jackals
  10 kobolds
  2 quokkas (D:7)
  A ball python (D:2)
  A ball python skeleton (D:4)
  4 bats
  A frilled lizard (D:5)
  3 goblins
  2 jackal skeletons
  A leopard gecko zombie (D:6)
  A quokka skeleton (D:5)
  5 rats
133 creatures vanquished.

Vanquished Creatures (collateral kills)
  The ghost of Mryle the Magician, an amateur DEFE of Vehumet (D:5)
  A black bear (D:7)
  An ice beast (D:7)
  3 ogres
  2 wights (D:6)
  3 orc wizards
  A gnoll (D:6)
  2 adders (D:5)
  An ooze (D:5)
  3 orcs
  4 jackals
  A quokka (D:5)
  A kobold (D:6)
  A quokka zombie (D:6)
25 creatures vanquished.

Vanquished Creatures (others)
  2 hexers
2 creatures vanquished.

Grand Total: 160 creatures vanquished

Notes
Turn   | Place    | Note
-------+----------+-------------------------------------------
     0 | D:1      | Gruesph the Barachi Monk began the quest for the Orb.
     0 | D:1      | Reached XP level 1. HP: 18/18 MP: 1/1
   337 | D:1      | Reached skill level 4 in Long Blades
   337 | D:1      | Reached XP level 2. HP: 25/25 MP: 2/2
   801 | D:1      | Reached XP level 3. HP: 16/30 MP: 3/3
  1487 | D:2      | Found a shattered altar of Ashenzari.
  2210 | D:2      | Reached skill level 5 in Long Blades
  2419 | D:2      | Reached XP level 4. HP: 19/38 MP: 4/4
  2691 | D:3      | Reached XP level 5. HP: 38/43 MP: 5/5
  2742 | D:3      | Reached skill level 6 in Long Blades
  2875 | D:3      | Reached skill level 5 in Fighting
  3011 | D:3      | Noticed Sigmund
  3041 | D:3      | Found an iron altar of Okawaru.
  3041 | D:3      | Found a hazy altar of Hepliaklqana.
  3588 | D:3      | Became a worshipper of Hepliaklqana the Forgotten
  3588 | D:3      | Reached * piety under Hepliaklqana
  3588 | D:3      | Reached ** piety under Hepliaklqana
  3589 | D:3      | Remembered your ancestor Rodney as a hexer
  3870 | D:4      | Reached XP level 6. HP: 23/45 MP: 6/6
  4056 | D:4      | Reached skill level 7 in Long Blades
  4153 | D:4      | Noticed Edmund
  4193 | D:4      | Killed Edmund
  4590 | D:4      | Noticed a phantom
  4621 | D:4      | Killed a phantom
  4621 | D:4      | Reached XP level 7. HP: 30/52 MP: 7/7
  4772 | D:4      | Reached skill level 8 in Long Blades
  5016 | D:5      | Entered Level 5 of the Dungeon
  5016 | D:5      | Noticed Mryle's ghost (amateur DEFE)
  5025 | D:5      | Found a runed translucent door.
  5208 | D:5      | Killed Mryle's ghost
  5208 | D:5      | Reached skill level 1 in Evocations
  6045 | D:6      | Reached *** piety under Hepliaklqana
  6075 | D:6      | Reached skill level 9 in Long Blades
  6075 | D:6      | Reached XP level 8. HP: 58/58 MP: 9/9
  6341 | D:6      | Reached skill level 10 in Long Blades
  6738 | D:6      | Got a sparkling ivory amulet
  6739 | D:6      | Identified the amulet "Aclusmir" {Inacc -Tele rPois MR+
                  | Str+5} (You found it on level 6 of the Dungeon)
  6837 | D:6      | Found a staircase to the Ecumenical Temple.
  7183 | D:6      | Learned a level 2 spell: Sticks to Snakes
  7239 | D:6      | Found a shadowy altar of Dithmenos.
  7342 | Temple   | Entered the Ecumenical Temple
  7535 | D:7      | Noticed a red ugly thing
  7668 | D:7      | Reached skill level 1 in Transmutations
  7978 | D:6      | Reached XP level 9. HP: 63/66 MP: 12/12
  8385 | D:7      | Reached skill level 11 in Long Blades
  8499 | D:7      | Reached **** piety under Hepliaklqana
  8537 | D:7      | Reached skill level 5 in Evocations
  8614 | D:7      | Killed a red ugly thing
  8917 | D:7      | Reached skill level 12 in Long Blades
  9096 | D:7      | Noticed a cyclops
  9119 | D:6      | HP: 1/68 [slime creature (14)]
  9122 | D:6      | Slain by a slime creature

Levels and vault maps discovered:
D:1:      saegor_arrival_simple_c, layout_basic
D:2:      layout_rooms, minmay_misc_feat_four_crosses,
          nicolae_ashenzari_panopticon
D:3:      layout_loops_ring, gammafunk_temple_overflow_statue, first_ration,
          uniq_sigmund
D:4:      layout_gridville, uniq_edmund
D:5:      layout_loops_cross, hellmonk_ghost_happy_afterlife
D:6:      layout_loops_ring, grunt_dithmenos_shadows,
          minmay_temple_entry_offerings
D:7:      minmay_the_grid_square_5x5_3x3 [minmay_the_grid_square_5x5_shrine1,
          minmay_the_grid_square_5x5_checkered,
          minmay_the_grid_square_5x5_almost_minimal,
          minmay_the_grid_square_5x5_eight,
          minmay_the_grid_square_5x5_megaprize_diamond,
          minmay_the_grid_square_5x5_percent,
          minmay_the_grid_square_5x5_hollow_slash,
          minmay_the_grid_square_5x5_checkered_statues,
          minmay_the_grid_square_5x5_detours], layout_loops_cross
Temple:   bh_familiar_temple

Skill      XL: |  1  2  3  4  5  6  7  8  9 |
---------------+----------------------------+-----
Long Blades    | 4 5 6 7 9 10 12 | 12.0
Stealth        | 2 |  2.0
Fighting       | 4 5 6 7 9 |  9.1
Evocations     | 2 4 5 |  5.0
Transmutations | 1 4 |  4.1
Dodging        | |  3.2

Action                   |  1- 3 |  4- 6 |  7- 9 || total
-------------------------+-------+-------+-------++-------
Melee: Falchion          |   109 |    37 |       ||   146
       Long sword        |       |    71 |   362 ||   433
 Fire: Hunting sling     |    12 |    11 |     4 ||    27
Throw: Stone             |     1 |     3 |       ||     4
Invok: Ancestor Life: He |       |     1 |       ||     1
       Ancestor Identity |       |     1 |       ||     1
 Abil: Hop               |     1 |       |       ||     1
Evoke: Wand              |       |       |     2 ||     2
  Use: Potion            |     5 |       |       ||     5
       Scroll            |     4 |     6 |     6 ||    16
 Stab: Sleeping          |     6 |     1 |       ||     7
       Confused          |       |     2 |     6 ||     8
       Distracted        |       |     1 |     5 ||     6
  Eat: Chunk             |     3 |     5 |     9 ||    17
       Ration            |     1 |       |     3 ||     4
Armor: Robe              |    18 |     3 |       ||    21
       Leather armour    |       |     9 |       ||     9
       Chain mail        |       |     7 |    90 ||    97
       Ring mail         |       |       |    41 ||    41
Dodge: Dodged            |    79 |    56 |   162 ||   297
       Rpst.: Falchion   |    24 |    10 |       ||    34
       Long sword        |       |     8 |    55 ||    63
